 Dungeon Crawl Stone Soup version 0.25-a0-105-g2289b3b9f1 (webtiles) character file.

Game seed: 14674761033880312612, levelgen mode: deterministic

2734 RedPan the Frost Mage (level 9, 0/66 HPs)
             Began as a White Draconian Ice Elementalist on Nov 16, 2019.
             Was a Follower of Sif Muna.
             Slain by a sky beast (5 damage)
             ... on level 8 of the Dungeon.
             The game lasted 00:18:39 (8320 turns).

RedPan the Frost Mage (DrIE)                        Turns: 8320, Time: 00:18:39

Health: 0/66       AC:  9    Str: 10    XL:     9   Next: 40%
Magic:  9/19       EV: 12    Int: 19    God:    Sif Muna [*.....]
Gold:   41         SH:  7    Dex: 12    Spells: 8/22 levels left

rFire    + . .     SeeInvis .   s - +2 hand axe (venom)
rCold    + . .     Gourm    .   A - +3 buckler of Nepiecyi {rF+}
rNeg     + . .     Faith    .   (armour unavailable)
rPois    .         Spirit   .   (helmet restricted)
rElec    .         Reflect  .   (no cloak)
rCorr    .         Harm     .   e - +1 pair of gloves
MR       .....                  (no boots)
Stlth    ++........             (no amulet)
HPRegen  0.21/turn              i - ring of flight
MPRegen  0.16/turn              g - ring of positive energy

@: about to teleport
A: breathe frost, unfitting armour, cold resistance 1, cold-blooded, AC +7
a: Breathe Frost, Channel Magic, Renounce Religion, Evoke Flight


You were on level 8 of the Dungeon.
You worshipped Sif Muna.
Sif Muna was aware of your devotion.
You were not hungry.

You visited 2 branches of the dungeon, and saw 9 of its levels.

You collected 288 gold pieces.
You spent 247 gold pieces at shops.

Inventory:

Hand Weapons
 m - a +0 dagger of electrocution
 s - a +2 hand axe of venom (weapon)
 u - a +2 dagger of holy wrath
Armour
 e - a +1 pair of gloves (worn)
 A - the +3 buckler of Nepiecyi (worn) {rF+}
   (You bought it in a shop on level 7 of the Dungeon)

   It protects you from fire.
Magical Staves
 n - an uncursed staff of conjuration
Jewellery
 g - a ring of positive energy (right hand)
 i - a ring of flight (left hand)
Wands
 a - a wand of iceblast (9)
 c - a wand of paralysis (5)
Scrolls
 k - 3 scrolls of remove curse
 q - a scroll of fear
 x - a scroll of amnesia
 y - 2 scrolls of identify
Potions
 f - a potion of cancellation
 h - a potion of magic
 j - 2 potions of lignification
 l - 2 potions of might {unknown}
 o - 2 potions of mutation {unknown}
 p - a potion of berserk rage {unknown}
 r - a potion of brilliance {unknown}
 t - a potion of degeneration {unknown}
Comestibles
 b - 12 rations
 w - 4 chunks of flesh


   Skills:
 + Level 1.6 Fighting
 - Level 3.2 Dodging
 - Level 1.7 Stealth
 + Level 1.3 Shields
 - Level 7.0 Spellcasting
 + Level 3.5 Conjurations
 - Level 5.0 Summonings
 + Level 9.8 Ice Magic


You had 8 spell levels left.
You knew the following spells:

 Your Spells              Type           Power        Failure   Level  Hunger
a - Freeze                Ice            ####         1%          1    None
b - Summon Ice Beast      Ice/Summ       ####....     7%          4    ###....
c - Throw Icicle          Conj/Ice       ####....     9%          4    ###....
d - Throw Frost           Conj/Ice       ####..       1%          2    None
e - Ozocubu's Armour      Chrm/Ice       ####....     5%          3    #......

Your spell library contained the following spells:

 Spells                   Type           Power        Failure   Level  Hunger
 Iskenderun's Battlesphe  Conj/Chrm      ##......     88%         5    #####..
 Venom Bolt               Conj/Pois      ##........   88%         5    #####..
 Bolt of Magma            Conj/Fire/Erth ##........   94%         5    #####..
 Iron Shot                Conj/Erth      ##........   100%        6    ######.
 Orb of Destruction       Conj           ###.......   100%        7    #######
 Spellforged Servitor     Conj/Summ      ###.......   100%        7    #######


Dungeon Overview and Level Annotations

Branches:
Dungeon (8/15)             Temple (1/1) D:5
   Lair: D:8-11

Altars:
Ashenzari
Cheibriados
Dithmenos
Elyvilon
Gozag
Kikubaaqudgha
Makhleb
Nemelex Xobeh
Okawaru
Qazlal
Ru
Sif Muna
Trog
Uskayaw
Vehumet
Wu Jian
Xom
Yredelemnul
Zin
The Shining One
Lugonu

Shops:
D:7 [

Annotations:
D:7 2 transporters, SaintRoka's ghost, novice NaCj
D:8 Psyche


Innate Abilities, Weirdness & Mutations

You can breathe waves of freezing cold.
You can buffet flying creatures when you breathe cold.
Your icy white scales are hard. (AC +7)
You cannot fit into any form of body armour.
Your flesh is cold resistant. (rC+)
You are cold-blooded and may be slowed by cold attacks.


Message History

Your ice beast melts!
The quokka bites you.
* * * LOW HITPOINT WARNING * * *
Unknown command.
You barely miss the quokka. You completely miss something.
Psyche gestures wildly while chanting.
Psyche flickers and vanishes!
Something hits your ice beast. Something drains your ice beast.
The quokka barely misses you. Something hits you.
* * * LOW HITPOINT WARNING * * *
Something shocks you.
* * * LOW HITPOINT WARNING * * *
A magic dart appears from out of thin air!
The magic dart hits your ice beast!
Your ice beast barely misses something.
You hit the quokka.
The quokka is poisoned.
The quokka is heavily wounded.
You closely miss something. You block the quokka's attack. Something hits you.
* * * LOW HITPOINT WARNING * * *
Something shocks you.
You die...

...# #.# #+## #.# # #.# # #.#
# #.# # #.# # #.# . #r#
#####.# #@# #.....#
#{###.###.#### #Y...........#
#{.####.####.# #.?##.....##.#
##(..#.......#.#
#####....#.......#.#
...#.##....._.....#
############.#.#..#.......#.#


You could see a quokka and a friendly ice beast.

Vanquished Creatures
  A water moccasin (D:5)
  A phantom (D:6)
  A sky beast (D:6)
  3 ice beasts
  3 centaurs
  4 ogres
  2 bullfrogs
  3 scorpions
  A howler monkey (D:4)
  A crimson imp (D:4)
  A jelly (D:5)
  2 bullfrog skeletons
  5 orc priests
  An iguana (D:6)
  6 orc wizards
  5 worker ants
  2 worker ant zombies (D:5)
  4 gnolls (D:5)
  5 adders
  3 oozes
  2 adder skeletons (D:4)
  2 worms
  A dart slug (D:4)
  7 leopard geckos
  26 orcs
  5 giant cockroaches
  7 goblins
  5 hobgoblins
  6 kobolds
  A bat (D:3)
  4 frilled lizards
  A giant cockroach zombie (D:5)
  A jackal skeleton (D:4)
  A leopard gecko skeleton (D:7)
  7 rats
130 creatures vanquished.

Vanquished Creatures (collateral kills)
  Prince Ribbit (D:7)
  Menkaure (D:7)
  A centaur (D:7)
  2 ogres
  3 bullfrogs
  2 scorpions
  A crimson imp (D:8)
  2 orc priests
  2 orc wizards (D:7)
  A worker ant (D:7)
  A worker ant zombie (D:6)
  2 shadow imps
  An adder zombie (D:7)
  A leopard gecko (D:8)
  2 orcs
  A quokka (D:5)
  A ball python (D:6)
25 creatures vanquished.

Grand Total: 155 creatures vanquished

Notes
Turn   | Place    | Note
-------+----------+-------------------------------------------
     0 | D:1      | RedPan the Draconian Ice Elementalist began the quest for
                  | the Orb.
     0 | D:1      | Reached XP level 1. HP: 14/14 MP: 3/3
   293 | D:1      | Reached XP level 2. HP: 18/20 MP: 0/5
  1061 | D:2      | Found a sacrificial altar of Ru.
  1743 | D:3      | Reached XP level 3. HP: 16/26 MP: 0/7
  2193 | D:3      | Found a faded altar of an unknown god.
  2763 | D:4      | Reached skill level 4 in Ice Magic
  2785 | D:4      | You fall into a shaft and drop 1 floor!
  2785 | D:5      | Entered Level 5 of the Dungeon
  2799 | D:5      | Reached XP level 4. HP: 20/33 MP: 8/8
  2920 | D:5      | Found an iron altar of Okawaru.
  3219 | D:4      | Reached XP level 5. HP: 32/38 MP: 6/10
  3284 | D:4      | Reached skill level 5 in Ice Magic
  3656 | D:4      | Learned a level 4 spell: Summon Ice Beast
  3725 | D:4      | Reached XP level 6. HP: 24/45 MP: 6/12
  4153 | D:5      | Reached skill level 1 in Summonings
  4258 | D:5      | Your scales start taking on an icy white colour.
  4258 | D:5      | Reached skill level 7 in Ice Magic
  4258 | D:5      | Reached XP level 7. HP: 50/50 MP: 11/14
  4258 | D:5      | Gained mutation: Your flesh is cold resistant. (rC+) [White
                  | Draconian growth]
  4386 | D:5      | Reached skill level 5 in Spellcasting
  4423 | D:5      | Learned a level 4 spell: Throw Icicle
  5041 | D:5      | Reached skill level 8 in Ice Magic
  5041 | D:5      | Reached XP level 8. HP: 50/57 MP: 10/16
  5518 | D:5      | Found a staircase to the Ecumenical Temple.
  5534 | Temple   | Entered the Ecumenical Temple
  5577 | Temple   | Became a worshipper of Sif Muna the Loreminder
  6570 | D:6      | Reached skill level 5 in Summonings
  6585 | D:6      | Learned a level 2 spell: Throw Frost
  6589 | D:6      | Learned a level 3 spell: Ozocubu's Armour
  6606 | D:6      | Reached skill level 9 in Ice Magic
  6690 | D:6      | Found a sparkling altar of Nemelex Xobeh.
  6807 | D:6      | Found a snail-covered altar of Cheibriados.
  6942 | D:6      | Reached * piety under Sif Muna
  7368 | D:7      | Reached XP level 9. HP: 56/62 MP: 12/19
  7412 | D:7      | Noticed Menkaure
  7419 | D:7      | Killed Menkaure
  7534 | D:7      | Found a stormy altar of Qazlal.
  7549 | D:7      | Found Ura Setu's Antique Armour Shop.
  7553 | D:7      | Found a hide-covered altar of Uskayaw.
  7682 | D:7      | Noticed Prince Ribbit
  7695 | D:7      | Killed Prince Ribbit
  7753 | D:7      | Bought a distressingly furry buckler for 247 gold pieces
  7810 | D:7      | Found a transporter.
  7812 | D:7      | Found a transporter.
  7813 | D:7      | Noticed SaintRoka's ghost (novice NaCj)
  7911 | D:7      | Found a glowing golden altar of the Shining One.
  7911 | D:7      | Found a glowing silver altar of Zin.
  7911 | D:7      | Found a basalt altar of Yredelemnul.
  7912 | D:7      | Found a shattered altar of Ashenzari.
  7917 | D:7      | Found a burning altar of Makhleb.
  7918 | D:7      | Found a radiant altar of Vehumet.
  7920 | D:7      | Found an ancient bone altar of Kikubaaqudgha.
  8043 | D:7      | Identified the +3 buckler of Nepiecyi {rF+} (You bought it
                  | in a shop on level 7 of the Dungeon)
  8074 | D:8      | Noticed Psyche
  8207 | D:8      | Found an ornate altar of the Wu Jian Council.
  8218 | D:8      | Reached skill level 1 in Fighting
  8218 | D:8      | Reached skill level 1 in Shields
  8320 | D:8      | Slain by a sky beast

Levels and vault maps discovered:
D:1:      minmay_arrival_cross, layout_basic
D:2:      layout_loops_ring, nicolae_ru_sacrificial_ziggurat
D:3:      layout_basic, chequers_ecumenical_altar_simple_redux,
          kennysheep_cluttered_room
D:4:      layout_rooms
D:5:      layout_basic, kennysheep_okawaru_gauntlet, minmay_temple_entry_arrows,
          first_ration
D:6:      layout_basic, basic_altar, nemelex_diamond_rough_becter
D:7:      layout_cave_pools, minitemple, serial_shops, nicolae_shop_crystal,
          gammafunk_ghost_hive, uniq_prince_ribbit1, uniq_menkaure
D:8:      cheibrodos_two_vegetables, layout_basic, old_standard_altar,
          uniq_psyche
Temple:   corrupted_temple

Skill      XL: |  1  2  3  4  5  6  7  8  9 |
---------------+----------------------------+-----
Spellcasting   | 3 4 5 6 7 |  7.0
Ice Magic      | 4 5 7 8 9 |  9.8
Summonings     | 2 3 5 |  5.0
Dodging        | 2 3 |  3.2
Conjurations   | 2 3 |  3.5
Fighting       | 1 |  1.6
Shields        | 1 |  1.3
Stealth        | |  1.7

Action                   |  1- 3 |  4- 6 |  7- 9 || total
-------------------------+-------+-------+-------++-------
Melee: Club              |     1 |       |       ||     1
       Dagger            |    14 |       |       ||    14
       Short sword       |     1 |       |       ||     1
       Hand axe          |    34 |    90 |   130 ||   254
       Tailslap          |     5 |    10 |    12 ||    27
 Cast: Freeze            |    49 |    42 |    97 ||   188
       Summon Ice Beast  |       |       |    35 ||    35
       Throw Icicle      |       |       |     1 ||     1
  Use: Scroll            |    11 |     2 |     6 ||    19
       Potion            |       |     3 |     4 ||     7
 Stab: Sleeping          |     1 |       |     1 ||     2
       Distracted        |       |       |     4 ||     4
  Eat: Chunk             |     6 |     4 |    15 ||    25
       Ration            |       |       |     1 ||     1
Armor: Skin              |    19 |    31 |    72 ||   122
Dodge: Dodged            |    54 |    78 |   126 ||   258
Block: Buckler           |       |       |     5 ||     5

Table legend:
 A = Non-vault XP
 B = Vault XP
 C = Vault XP percentage of total XP
 D = Non-vault monster count
 E = Vault monster count
 F = Vault count percentage of total count
                 A         B        C        D         E       F
            +---------+---------+-------+---------+---------+-------
      Total |    3681 |     225 |   5.8 |     153 |       2 |   1.3
            +---------+---------+-------+---------+---------+-------
        D:1 |      20 |       0 |   0.0 |      12 |       0 |   0.0
        D:2 |      16 |       0 |   0.0 |      10 |       0 |   0.0
        D:3 |      43 |       0 |   0.0 |      19 |       0 |   0.0
        D:4 |     330 |       0 |   0.0 |      28 |       0 |   0.0
        D:5 |    1305 |       0 |   0.0 |      37 |       0 |   0.0
        D:6 |     927 |       0 |   0.0 |      21 |       0 |   0.0
        D:7 |     649 |     225 |  25.7 |      18 |       2 |  10.0
        D:8 |     391 |       0 |   0.0 |       8 |       0 |   0.0
            +---------+---------+-------+---------+---------+-------
